 Dungeon Crawl Stone Soup version 0.20-a0-969-g5a5da1e (webtiles) character file.

243 HAWKINGL3623 the Covert (level 5, -10/26 HPs)
             Began as a Spriggan Assassin on Oct 17, 2017.
             Mangled by a two-headed ogre
             ... wielding a +0 giant club
              (26 damage)
             ... on level 13 of the Dungeon.
             The game lasted 00:04:40 (812 turns).

HAWKINGL3623 the Covert (Spriggan Assassin)          Turns: 812, Time: 00:04:44

Health: -10/26     AC:  3    Str:  7    XL:     5   Next: 82%
Magic:  6/6        EV: 17    Int: 12    God:
Gold:   37         SH:  0    Dex: 19    Spells: 4/4 levels left

rFire    . . .     SeeInvis +   a - +2 dagger
rCold    . . .     Gourm    .   (shield restricted)
rNeg     . . .     Faith    .   h - +0 robe
rPois    .         Spirit   .   (helmet restricted)
rElec    .         Reflect  .   d - +0 cloak
rCorr    .         Harm     .   (gloves unavailable)
MR       .....                  (boots unavailable)
Stlth    ++++......             (no amulet)
Regen    0.1/turn               (no ring)
MPRegen  0.1/turn               (no ring)

@: very quick
A: unfitting armour, see invisible, herbivore 3, speed 3, slow metabolism 2
a: no special abilities


You were on level 13 of the Dungeon.
You were not hungry.

You visited 1 branch of the dungeon, and saw 12 of its levels.

You collected 37 gold pieces.

Inventory:

Hand Weapons
 a - a +2 dagger (weapon)
 b - a +0 blowgun
Missiles
 e - 27 poisoned needles
 f - 2 curare-tipped needles
Armour
 c - a +0 robe
 d - a +0 cloak (worn)
 h - a +0 robe (worn)
Wands
 j - a wand of random effects (18/48)
Scrolls
 i - 2 scrolls of remove curse
Potions
 k - a potion of curing
Comestibles
 g - 3 bread rations


   Skills:
 + Level 2.3 Fighting
 + Level 3.5 Short Blades
 + Level 2.4 Throwing
 + Level 2.0 Dodging
 + Level 9.1 Stealth


You had 4 spell levels left.
You didn't know any spells.

Dungeon Overview and Level Annotations

Branches:
Dungeon (11/15)            Temple (0/1) D:6
   Lair: D:8-11         Orc: D:9-12

Altars:
The Shining One

Shops:
D:7 (

Annotations:
D:7 firebrand's ghost, novice MfGl


Innate Abilities, Weirdness & Mutations

You are very small and have problems with some larger weapons.
You are too small for most types of armour.
You have supernaturally acute eyesight. (SInv)
You are a herbivore.
You cover ground extremely quickly.
You need consume almost no food.


Message History

The shaft crumbles and collapses.
A phantom comes into view.
The helpless phantom fails to defend itself.
You perforate the phantom like a sieve!!!
You destroy the phantom!
Your Dodging skill increases to level 2!
Your Stealth skill increases to level 9!
Unknown command.
You open the door. 3 yaks, a centaur warrior and a two-headed ogre come into view. 2 yaks and a vampire come into view.
Found 29 sling bullets.
There is an open door here.
The helpless two-headed ogre fails to defend itself.
You perforate the two-headed ogre like a sieve!!!
The two-headed ogre is severely wounded.
The two-headed ogre hits you with a giant club!
The two-headed ogre hits you with a giant spiked club!!
Ouch! That really hurt!
You die...

#.....# #.....#
#.....# #.....#
#.....# #.....#
#.....# #.....#
....###@##
.....#VO....Y...
.....#....Y.....
.... #........Y(
.... #....c.....
#..........
#.....YY...
#..........


You could see a centaur warrior (sleeping), a two-headed ogre, 5 yaks and a
vampire.

Vanquished Creatures
  A hungry ghost (D:7)
  A phantom (D:13)
  A hound zombie (D:5)
  An adder (D:4)
  3 goblins (D:3)
  A quokka (D:3)
  A rat (D:2)
9 creatures vanquished.

Notes
Turn   | Place    | Note
-------+----------+-------------------------------------------
     0 | D:1      | HAWKINGL3623 the Spriggan Assassin began the quest for the Orb.
     0 | D:1      | Reached XP level 1. HP: 10/10 MP: 2/2
   105 | D:3      | Reached skill level 6 in Stealth
   168 | D:3      | Noticed an ogre
   205 | D:4      | Reached XP level 2. HP: 15/15 MP: 3/3
   352 | D:5      | Entered Level 5 of the Dungeon
   352 | D:5      | Noticed a scorpion
   357 | D:5      | Noticed a crimson imp
   358 | D:5      | Reached XP level 3. HP: 18/18 MP: 4/4
   362 | D:6      | a jelly gained the power of zot (level 1).
   362 | D:6      | Noticed an ogre
   365 | D:6      | Found a staircase to the Ecumenical Temple.
   388 | D:7      | Found Guthry Gyuri's Weapon Emporium.
   417 | D:7      | Noticed a hungry ghost
   424 | D:7      | Killed a hungry ghost
   424 | D:7      | Reached skill level 8 in Stealth
   424 | D:7      | Reached XP level 4. HP: 20/23 MP: 5/5
   424 | D:7      | Reached XP level 5. HP: 23/26 MP: 6/6
   441 | D:7      | Noticed firebrand's ghost (novice MfGl)
   484 | D:8      | a jelly gained the power of zot (level 1).
   484 | D:8      | Noticed an orc warrior
   485 | D:8      | Noticed a sky beast
   497 | D:8      | Found a glowing golden altar of the Shining One.
   499 | D:8      | Noticed a water moccasin
   507 | D:9      | a water moccasin gained the power of zot (level 1).
   507 | D:9      | a quokka zombie gained the power of zot (level 1).
   507 | D:9      | something gained the power of zot (level 1).
   507 | D:9      | something gained the power of zot (level 1).
   507 | D:9      | a jackal gained the power of zot (level 1).
   507 | D:9      | a jackal gained the power of zot (level 1).
   507 | D:9      | a jackal gained the power of zot (level 1).
   507 | D:9      | something gained the power of zot (level 1).
   507 | D:9      | a wight gained the power of zot (level 1).
   507 | D:9      | something gained the power of zot (level 1).
   513 | D:10     | a bezotted water moccasin gained the power of zot (level 2).
   513 | D:10     | Entered Level 10 of the Dungeon
   515 | D:10     | Noticed a two-headed ogre
   533 | D:10     | Noticed a sky beast
   535 | D:11     | a two-headed ogre gained the power of zot (level 1).
   806 | D:11     | You fall through a shaft for 2 floors!
   806 | D:13     | Noticed a phantom
   808 | D:13     | Killed a phantom
   808 | D:13     | Reached skill level 9 in Stealth
   810 | D:13     | Noticed a centaur warrior
   810 | D:13     | Noticed a two-headed ogre
   810 | D:13     | Noticed a yak
   810 | D:13     | Noticed a yak
   810 | D:13     | Noticed a yak
   811 | D:13     | Noticed a yak
   811 | D:13     | Noticed a yak
   811 | D:13     | Noticed a vampire
   812 | D:13     | Mangled by a two-headed ogre

Vault maps used:
D:1:      dpeg_arrival_renting
D:2:      serial_glass, glass_columns_c, glass_columns_c,
          minmay_strange_pillars, minmay_strange_pillars, item_on_display_a,
          item_on_display_a, minmay_shallow_snake_nest
D:3:      first_bread, corexii_item_surrounded_by_moat
D:4:      zin_purify, corexii_item_surrounded_by_moat
D:6:      slow_altar_2, nicolae_overflow_hidden_temple,
          amethyst_overflow_temple_binary, minmay_temple_entry_glass
D:7:      serial_shops, nicolae_shop_behind_doors
D:8:      basic_altar
D:9:      kennysheep_mini, lair_entry_dummy, uniq_psyche
D:10:     david_orc_3, uniq_gastronok
D:11:     serial_shops, nicolae_shop_crystal
D:13:     lemuel_flame_loot_2, david_vaults_2, grunt_livestock, minmay_evil_grid

Skill      XL: |  1  2  3  4  5 |
---------------+----------------+-----
Stealth        | 6 8 9 |  9.1
Fighting       | 2 |  2.3
Short Blades   | 3 |  3.5
Dodging        | 2 |  2.0
Throwing       | |  2.4

Action                   |  1- 3 |  4- 6 || total
-------------------------+-------+-------++-------
Melee: Dagger            |    23 |     2 ||    25
  Use: Scroll            |     1 |     2 ||     3
       Potion            |     2 |     1 ||     3
 Stab: Sleeping          |     4 |     2 ||     6
Armor: Robe              |     2 |       ||     2
Dodge: Dodged            |    12 |    12 ||    24
